 Dungeon Crawl Stone Soup version 0.19.1 (webtiles) character file.

56 Gargoyl the Skirmisher (level 3, -2/33 HPs)
             Began as a Draconian Abyssal Knight on Dec 1, 2016.
             Was a Follower of Lugonu.
             Slain by a worm (5 damage)
             ... on level 2 of the Dungeon.
             The game lasted 00:03:30 (1814 turns).

Gargoyl the Skirmisher (Draconian Abyssal Knight)   Turns: 1814, Time: 00:03:30

Health: -2/33      AC:  8    Str: 15    XL:     3   Next: 71%
Magic:  4/4        EV: 12    Int: 12    God:    Lugonu [*.....]
Gold:   60         SH:  0    Dex: 10    Spells: 0 memorised, 2 levels left

rFire  . . .     SeeInvis .     a - +1 hand axe
rCold  + . .     Gourm    .     (armour unavailable)
rNeg   . . .     Faith    .     (no shield)
rPois  .         Spirit   .     (helmet restricted)
rElec  .         Reflect  .     (no cloak)
rCorr  .         Harm     .     g - +2 pair of gloves
MR     +....                    (no boots)
Stlth  +.........               (no amulet)
                                (no ring)
                                d - ring of protection from cold

@: lethally poisoned (-2 -> -10)
A: unfitting armour, magic resistance 1, cold-blooded, AC +5
a: Depart the Abyss, Renounce Religion


You were on level 2 of the Dungeon.
You worshipped Lugonu.
Lugonu was aware of your devotion.
You were not hungry.

You visited 1 branch of the dungeon, and saw 2 of its levels.
You visited the Abyss 1 time.

You collected 60 gold pieces.

Inventory:

Hand Weapons
 a - a +1 hand axe (weapon)
Armour
 g - a +2 pair of gloves (worn)
Jewellery
 d - a ring of protection from cold (left hand)
 f - an uncursed amulet of guardian spirit {unknown}
Scrolls
 e - a scroll of noise {unknown}
 h - a scroll of teleportation
 j - a scroll of fear {unknown}
 k - 2 scrolls of identify {unknown}
 l - a scroll of remove curse {unknown}
 n - a scroll of magic mapping {unknown}
 p - a scroll of enchant weapon {unknown}
Potions
 c - a potion of degeneration {unknown}
 i - a potion of magic {unknown}
 q - a potion of berserk rage {unknown}
Books
 r - a book of Minor Magic

   Spells                             Type                      Level
   a - Magic Dart                     Conjuration                  1
   b - Blink                          Translocation                2
   c - Call Imp                       Summoning                    2
   d - Repel Missiles                 Charms/Air                   2
   e - Slow                           Hexes                        2
   f - Conjure Flame                  Conjuration/Fire             3
   g - Mephitic Cloud                 Conjuration/Poison/Air       3
Comestibles
 b - 2 bread rations
 o - 3 chunks of flesh


   Skills:
 + Level 3.9 Fighting
 + Level 2.4 Axes
 * Level 3.0 Dodging
 + Level 0.6 Stealth
 + Level 2.1 Invocations


You had 2 spell levels left.
You didn't know any spells.

Dungeon Overview and Level Annotations

Branches:
Dungeon (2/15)

Altars:
Makhleb


Innate Abilities, Weirdness & Mutations

Your plain brown scales are hard. (AC +5)
You cannot fit into any form of body armour.
You are cold-blooded and may be slowed by cold attacks.
You are resistant to hostile enchantments. (MR+)


Message History

Unknown command.
You closely miss the hobgoblin. You hit the worm. You hit the goblin.
The goblin hits you with a dagger of venom.
* * * LOW HITPOINT WARNING * * *
You are lethally poisoned!
The hobgoblin hits you but does no damage.
The worm bites you.
* * * LOW HITPOINT WARNING * * *
The goblin misses you.
You closely miss the hobgoblin. You hit the goblin.
You kill the goblin!
Lugonu accepts your kill.
You barely miss the worm.
* * * LOW HITPOINT WARNING * * *
You feel sick. The hobgoblin closely misses you.
The hobgoblin hits you but does no damage.
It was a potion of beneficial mutation.
You feel resistant to hostile enchantments.
You feel fantastic! The worm bites you.
You die...

#.....#....###..%.... .
#.....##..####.....# ..
.............#.....# ...
......#.)..#.......#....
.........#............._
........###.....†..#....
.......##...#..!.#.# .
#.........####.#g#.##
#....#..######.#@w..#
#..............)..#.#
#....#.#######.#....#
....##.....# #..........
##..##.....# ##.........
###..#.....# #.........
###........# #.........
.##........# #.........
.##...#....# #...$.....


You could see a worm and a hobgoblin.

Vanquished Creatures
  3 adders (D:2)
  A worm (D:2)
  A dart slug (D:2)
  A leopard gecko (D:2)
  3 bats
  3 giant cockroaches
  5 goblins
  3 kobolds
  2 frilled lizards (D:2)
  2 rats
24 creatures vanquished.

Notes
Turn   | Place    | Note
-------+----------+-------------------------------------------
     0 | Abyss:1  | Gargoyl the Draconian Abyssal Knight began the quest for the Orb.
     0 | Abyss:1  | Reached XP level 1. HP: 19/19 MP: 2/2
    66 | Abyss:2  | Noticed an ancient zyme
   101 | D:1      | Escaped the Abyss
  1153 | D:1      | Reached XP level 2. HP: 26/26 MP: 3/3
  1529 | D:2      | Reached XP level 3. HP: 26/33 MP: 4/4
  1744 | D:2      | Reached * piety under Lugonu
  1800 | D:2      | Found a burning altar of Makhleb.
  1814 | D:2      | Gained mutation: You are resistant to hostile enchantments. (MR+) [potion of beneficial mutation]
  1814 | D:2      | Slain by a worm

Skill      XL: |  1  2  3 |
---------------+----------+-----
Dodging        | 3 |  3.0
Fighting       | |  3.9
Axes           | |  2.4
Stealth        | |  0.6
Invocations    | |  2.1

Action                   || total
-------------------------++-------
Melee: Hand axe          ||    63
       Tailslap          ||     6
Invok: Depart the Abyss  ||     1
  Use: Scroll            ||     1
       Potion            ||     1
  Eat: Chunk             ||     3
Armor: Skin              ||    33
Dodge: Dodged            ||    55
